 Dungeon Crawl Stone Soup version 0.27-a0-385-g3208abaabc (webtiles) character file.

Game seed: 13077632026527432535

422003 Chiseanne the Champion of Chaos (level 22, -3/174 (182) HPs)
             Began as a Demonspawn Wanderer on Feb 17, 2021.
             Was the Champion of Makhleb.
             Shot with a bolt by a yaktaur (12 damage)
             ... on level 5 of the Vaults on Feb 19, 2021.
             The game lasted 03:27:46 (44918 turns).

Chiseanne the Champion of Chaos (DsWn)             Turns: 44918, Time: 03:27:47

HP:   -3/174 (182)  AC: 26    Str: 15    XL:     22   Next: 35%
MP:   36/36         EV: 10    Int: 13    God:    Makhleb [******]
Gold: 1364          SH:  0    Dex: 21    Spells: 21/21 levels left

rFire    + + .     SeeInvis .   a - +9 broad axe (elec)
rCold    + . .     Faith    .   r - +10 tower shield of Ignorance {rN+ Int-4}
rNeg     + . .     Spirit   .   H - +0 fire dragon scales
rPois    +         Reflect  +   (helmet unavailable)
rElec    +         Harm     .   h - scarf {+Inv}
rCorr    .         Rampage  .   k - +2 pair of gloves
Will     +....                  p - +2 pair of boots
Stlth    ..........             n - amulet of reflection
HPRegen  2.39/turn              T - ring "Okop" {rElec rC+}
MPRegen  0.25/turn              P - ring of Xom's Amusement {rPois AC+4 Dex+4}

@: about to teleport, petrifying, marked, lightly drained, very slow
A: horns 3, iridescent scales 3, cold resistance 1, demonic guardian 2, passive
freeze, powered by death 3, freezing cloud immunity
}: 3/15 runes: serpentine, barnacled, silver
a: Renounce Religion, Evoke Invisibility, Minor Destruction, Lesser Servant of
Makhleb, Major Destruction, Greater Servant of Makhleb


You were on level 5 of the Vaults.
You worshipped Makhleb.
Makhleb was exalted by your worship.
You visited 8 branches of the dungeon, and saw 40 of its levels.
You visited the Abyss 1 time.
You visited 1 bazaar.
You also visited: Bailey.

You collected 5632 gold pieces.
You spent 4268 gold pieces at shops.

Inventory:

Hand Weapons
 a - a +9 broad axe of electrocution (weapon)
 d - the +7 war axe "Keinoda" {speed, Int+3}
   (You bought it in a shop on level 15 of the Dungeon)

   Attacks with this weapon are significantly faster.
   It affects your intelligence (+3).
 s - a +4 scimitar of flaming
Missiles
 q - 76 boomerangs
 B - 7 boomerangs of dispersal (quivered)
 J - 5 javelins
 X - 12 silver javelins
Armour
 h - a scarf of invisibility (worn)
 k - a +2 pair of gloves (worn)
 p - a +2 pair of boots (worn)
 r - the +10 tower shield of Ignorance (worn) {rN+ Int-4}
   (You found it on level 2 of the Orcish Mines)

   It affects your intelligence (-4).
   It protects you from negative energy.
 G - the +4 moon troll leather armour {Spirit, Regen++ MP+5}
   (You bought it in a shop on level 3 of the Snake Pit)

   It affects your magic capacity (+5).
   It increases your rate of regeneration.
 H - +0 fire dragon scales (worn)
 I - +0 storm dragon scales
Magical Staves
 y - a staff of earth
Jewellery
 n - an amulet of reflection (around neck)
 x - a ring of see invisible
 C - a ring of flight
 K - an amulet of regeneration
 O - the ring of the Skies Above {rC+ Int+4 Dex+3 Stlth-}
   (You found it on level 5 of the Vaults)

   [ring of protection from cold]

   It affects your intelligence (+4).
   It affects your dexterity (+3).
   It protects you from cold.
   It makes you less stealthy.
 P - the ring of Xom's Amusement (right hand) {rPois AC+4 Dex+4}
   (You found it on level 5 of the Vaults)

   [ring of protection]

   It affects your AC (+4).
   It affects your dexterity (+4).
   It protects you from poison.
 T - the ring "Okop" (left hand) {rElec rC+}
   (You found it on level 6 of the Lair of Beasts)

   [ring of protection from cold]

   It protects you from cold.
   It insulates you from electricity.
 V - an amulet of faith
Wands
 w - a wand of acid (15)
 A - a wand of charming (7)
 N - a wand of digging (4)
 Z - a wand of paralysis (5)
Scrolls
 b - a scroll of amnesia
 e - 3 scrolls of enchant armour
 g - a scroll of silence
 i - a scroll of fear
 j - a scroll of enchant weapon
 t - 10 scrolls of teleportation
 u - 3 scrolls of magic mapping
 D - a scroll of summoning
 F - 3 scrolls of immolation
 L - 19 scrolls of identify
 M - 9 scrolls of fog
 U - 3 scrolls of blinking
Potions
 c - 3 potions of cancellation
 f - 21 potions of curing
 l - 6 potions of flight
 m - 6 potions of ambrosia
 z - 2 potions of berserk rage
 E - 2 potions of magic
 R - a potion of mutation
 S - 4 potions of haste
Miscellaneous
 o - a phantom mirror
 v - a condenser vane
 Q - a box of beasts


   Skills:
 * Level 17.5 Fighting
 - Level 5.0 Short Blades
 * Level 15.0 Axes
 - Level 5.0 Crossbows
 - Level 1.0 Throwing
 - Level 5.0 Armour
 * Level 16.0 Dodging
 - Level 1.0 Stealth
 * Level 14.6 Shields
 - Level 1.0 Unarmed Combat
 - Level 20.0 Invocations
 - Level 15.0 Evocations


You had 21 spell levels left.
You didn't know any spells.
Your spell library contained the following spells:

 Spells                   Type           Power        Failure   Level
 Animate Skeleton         Necr           0%           99%         1
 Apportation              Tloc           0%           99%         1
 Beastly Appendage        Tmut           0%           99%         1
 Corona                   Hex            0%           99%         1
 Magic Dart               Conj           0%           99%         1
 Pain                     Necr           0%           99%         1
 Sandblast                Erth           0%           99%         1
 Shock                    Conj/Air       0%           99%         1
 Sting                    Tmut/Pois      0%           99%         1
 Summon Small Mammal      Summ           0%           99%         1
 Blink                    Tloc           N/A          100%        2
 Call Imp                 Summ           0%           100%        2
 Passwall                 Tmut/Erth      0%           100%        2
 Poisonous Vapours        Pois/Air       0%           100%        2
 Searing Ray              Conj           0%           100%        2
 Slow                     Hex            0%           100%        2
 Swiftness                Air            0%           100%        2
 Wereblood                Tmut           0%           100%        2
 Call Canine Familiar     Summ           0%           100%        3
 Dazzling Flash           Conj/Hex       0%           100%        3
 Ignite Poison            Fire/Tmut/Pois 0%           100%        3
 Inner Flame              Hex/Fire       0%           100%        3
 Lesser Beckoning         Tloc           0%           100%        3
 Mephitic Cloud           Conj/Pois/Air  0%           100%        3
 Portal Projectile        Hex/Tloc       0%           100%        3
 Spider Form              Tmut/Pois      0%           100%        3
 Static Discharge         Conj/Air       0%           100%        3
 Stone Arrow              Conj/Erth      0%           100%        3
 Summon Guardian Golem    Hex/Summ       0%           100%        3
 Vampiric Draining        Necr           0%           100%        3
 Airstrike                Air            0%           100%        4
 Animate Armour           Summ/Erth      0%           100%        4
 Animate Dead             Necr           0%           100%        4
 Cause Fear               Hex            0%           100%        4
 Dispel Undead            Necr           0%           100%        4
 Fulminant Prism          Conj/Hex       0%           100%        4
 Ice Form                 Ice/Tmut       0%           100%        4
 Iskenderun's Mystic Bla  Conj/Tloc      0%           100%        4
 Leda's Liquefaction      Hex/Erth       0%           100%        4
 Olgreb's Toxic Radiance  Pois           0%           100%        4
 Passage of Golubria      Tloc           N/A          100%        4
 Petrify                  Tmut/Erth      0%           100%        4
 Sticky Flame             Conj/Fire      0%           100%        4
 Summon Ice Beast         Ice/Summ       0%           100%        4
 Summon Lightning Spire   Summ/Air       0%           100%        4
 Agony                    Necr           0%           100%        5
 Blade Hands              Tmut           0%           100%        5
 Bolt of Magma            Conj/Fire/Erth 0%           100%        5
 Borgnjor's Vile Clutch   Necr/Erth      0%           100%        5
 Lee's Rapid Deconstruct  Erth           0%           100%        5
 Lightning Bolt           Conj/Air       0%           100%        5
 Silence                  Hex/Air        0%           100%        5
 Yara's Violent Unravell  Hex/Tmut       0%           100%        5
 Conjure Ball Lightning   Conj/Air       0%           100%        6
 Freezing Cloud           Conj/Ice/Air   0%           100%        6
 Iron Shot                Conj/Erth      0%           100%        6
 Statue Form              Tmut/Erth      0%           100%        6
 Malign Gateway           Summ/Tloc      0%           100%        7
 Discord                  Hex            0%           100%        8
 Death's Door             Necr           0%           100%        9
 Shatter                  Erth           0%           100%        9
 Tornado                  Air            0%           100%        9


Dungeon Overview and Level Annotations

Branches:
Dungeon (15/15)            Temple (1/1) D:5            Lair (6/6) D:10
 Shoals (4/4) Lair:4        Snake (4/4) Lair:4        Slime (0/5) Lair:6
    Orc (2/2) D:12            Elf (0/3) Orc:2        Vaults (5/5) D:14
  Crypt (3/3) Vaults:3       Tomb (0/3) Crypt:3      Depths (0/5) D:15
 Bailey (visited)

Altars:
Ashenzari
Cheibriados
Dithmenos
Elyvilon
Fedhas
Gozag
Hepliaklqana
Kikubaaqudgha
Makhleb
Nemelex Xobeh
Okawaru
Qazlal
Ru
Sif Muna
Trog
Uskayaw
Vehumet
Wu Jian
Xom
Yredelemnul
Zin
The Shining One
Beogh
Lugonu

Shops:
D:6 :   D:8 *   D:15 ((![   Orc:1 [   Orc:2 *[:*   Shoals:2 [   Snake:2 =:=
Snake:3 [   Vaults:2 **   Vaults:4 ?[=

Annotations:
D:6 exclusion: upstairs
D:13 3 runed translucent doors, Jeumo's ghost, journeyman MiBe
D:14 exclusion: 2 downstairs, Roxanne
D:15 3 runed translucent doors, supsnack's ghost, adept DsGl
Lair:3 2 transporters, exclusion: ice statue, Borooracs's ghost, journeyman DDFi; Pibot's ghost, journeyman MfIE
Shoals:2 exclusion: downstairs
Shoals:3 exclusion: upstairs
Orc:2 1 runed translucent door, exclusions: 4 orange crystal statues and 2 upstairs


Innate Abilities, Weirdness & Mutations

You have a pair of large horns on your head.
You are completely covered in iridescent scales. (AC +6)
Your flesh is cold resistant. (rC+)
A demonic guardian rushes to your aid.
A frigid envelope surrounds you and freezes all who hurt you.
You regenerate a lot of health from kills.
You are immune to freezing clouds.


Message History

The shadow dragon is moderately wounded.
You block the shadow dragon's attack. x2; The boulder beetle leaps!
Your soul eater closely misses the fire giant.
The yaktaur shoots a bolt.
The bolt hits your soul eater!
You hit the shadow dragon.
You headbutt the shadow dragon, but do no damage.
The shadow dragon is heavily wounded.
You completely miss something. You hit something.
The shining eye changes into a floating eye!
You block something's attack.
You hear some strange, mumbled words.
You are slowing down.
The shadow dragon breathes negative energy at you.
The bolt of negative energy hits you. You partially resist.
You feel drained.
The fire giant hits your soul eater but does no damage.
The tengu reaver mumbles some strange words.
An electric hum fills the air.
Your soul eater hits the fire giant!
Something touches you. You partially resist.
You feel drained.
As you read the scroll of teleportation, it crumbles to dust.
You feel strangely unstable.
The floating eye changes into a manticore!
Something touches you but does no damage.
Something completely misses you.
The yaktaur unwields a +0 arbalest.
The yaktaur hits your soul eater but does no damage.
The yaktaur shoots a bolt.
The shadow dragon misses you.
The shadow dragon completely misses you.
The shadow dragon claws you but does no damage.
The boulder beetle leaps!
Your soul eater hits the yaktaur.
Your soul eater drains the yaktaur.
The fire giant hits your soul eater with a +2 great sword of flaming!
The fire giant burns your soul eater.
Your soul eater dies!
Something touches you but does no damage.
You hear some strange, mumbled words.
A crystal spear appears from out of thin air!
The crystal spear hits you!!!!
* * * LOW HITPOINT WARNING * * *
The yaktaur wields a +0 arbalest.
The yaktaur shoots a bolt.
The bolt hits you!!
You die...

.. . ###########
........... ...........
........... ..........L
. ####################
... ##C)@{QQ88.... ..##
#..#Bc{D#############..#
#○..cH## ........
##.#.c# ##########....
#. #.## ##........###(.
# #.# #..######...##.
#.# ##.##....###..#. #.#
#.)##.## ##.#. #)#
#.##.).## #.#.


You could see a shadow dragon (catching breath), a fire giant, 2 tengu reavers,
a manticore shaped shifter, 3 yaktaurs, a soldier ant and 2 lightning spires.

Vanquished Creatures
  Frederick (Crypt:3)
  Saint Roka (Snake:4)
  A bone dragon (Crypt:3)
  A profane servitor (Crypt:3)
  A tentacled monstrosity (Vaults:5)
  2 liches
  2 tentacled starspawn (Abyss:2)
  3 ancient champions
  A sphinx (Vaults:2)
  Frances (D:14)
  A storm dragon (Vaults:5)
  3 shadow dragons
  3 tengu reavers
  2 revenants
  Kirke (D:15)
  2 fire giants
  3 frost giants
  9 nagarajas (Snake:4)
  Ilsuiw (Shoals:2)
  2 deep elf sorcerers (Vaults:5)
  Aizul (Snake:2)
  Louise (Snake:1)
  14 vault wardens
  3 ironheart preservers
  A deep elf elementalist (Vaults:5)
  3 ghouls
  A war gargoyle (Vaults:4)
  7 stone giants
  11 vampire knights
  6 very ugly things
  A deep elf demonologist (Vaults:3)
  A deep elf annihilator (Vaults:3)
  3 ettins
  Josephine (D:12)
  3 merfolk impalers
  3 deep elf death magi
  Snorg (D:13)
  15 jiangshi
  An eidolon (Crypt:1)
  4 fire dragons
  A deep elf high priest (Vaults:5)
  A rakshasa (Vaults:3)
  A great orb of eyes (Vaults:4)
  5 boulder beetles
  Erolcha (D:13)
  14 yaktaur captains
  20 naga warriors
  24 vault guards (Vaults:5)
  A fenstrider witch skeleton (Crypt:2)
  8 ogre magi
  9 hydras
  An ice dragon (Vaults:1)
  8 centaur warriors
  2 merfolk avatars (Shoals:4)
  22 two-headed ogres
  11 anacondas
  4 death knights
  An alligator snapping turtle (Shoals:4)
  A death yak (shapeshifter) (Vaults:4)
  A tengu warrior (D:11)
  2 merfolk aquamancers (Shoals:4)
  2 satyrs
  A death yak (Lair:2)
  5 vampire magi
  Urug (Lair:5)
  2 thrashing horrors (Abyss:2)
  4 orc high priests
  A soul eater (Crypt:1)
  17 naga sharpshooters
  10 shock serpents
  4 hell knights
  3 deep elf knights
  6 salamander mystics
  4 shadow wraiths
  30 skeletal warriors
  A spatial maelstrom (Abyss:2)
  2 storm dragon skeletons (Crypt:2)
  5 unseen horrors
  2 deep trolls
  5 flayed ghosts
  A deep elf archer (Vaults:3)
  A shadow dragon zombie (Crypt:2)
  4 sea snakes
  8 naga ritualists
  4 lindwurms
  A quicksilver dragon simulacrum (Crypt:3)
  15 phantasmal warriors
  Pikel (D:8)
  2 glowing orange brains
  9 ironbrand convokers
  4 wolf spider zombies
  15 orc knights
  A deep elf pyromancer (Vaults:3)
  4 wizards
  7 necromancers
  8 mana vipers
  A deep elf zephyrmancer (Vaults:3)
  5 wolf spiders
  6 harpies
  14 ugly things
  7 manticores
  5 cyclopes
  A manticore (shapeshifter) (Vaults:5)
  5 orc sorcerers
  17 fauns
  10 salamanders
  6 merfolk sirens
  A moth of wrath (shapeshifter) (Vaults:2)
  Joseph (Lair:1)
  A centaur zombie (D:15)
  12 vault sentinels
  3 elephants (Lair:4)
  7 guardian serpents
  Maurice (D:8)
  3 orange demons (Abyss:2)
  46 black mambas
  4 large abominations
  17 naga magi
  A water nymph (Shoals:1)
  2 molten gargoyles (Lair:6)
  A smoke demon (Abyss:2)
  A torpor snail (Lair:5)
  A gargoyle (D:15)
  A storm dragon simulacrum (Crypt:1)
  A catoblepas zombie (Crypt:2)
  19 cane toads
  2 efreet
  2 rime drakes (Lair:5)
  18 komodo dragons
  6 freezing wraiths
  2 tengu conjurers
  A redback zombie (Crypt:1)
  58 yaktaurs
  A spectral harpy (Crypt:3)
  A hydra zombie (Crypt:2)
  A sea snake zombie (Crypt:1)
  A yaktaur (shapeshifter) (Vaults:5)
  5 trolls
  4 hornets
  A wind drake (shapeshifter) (Vaults:4)
  7 merfolk
  3 polar bears
  5 wind drakes
  16 blink frogs
  2 raiju
  26 slime creatures
  4 dream sheep (Lair:5)
  A tarantella zombie (Crypt:1)
  An ice dragon zombie (Crypt:2)
  A guardian serpent zombie (Crypt:1)
  A frost giant simulacrum (Crypt:2)
  61 flying skulls
  An ettin skeleton (Crypt:1)
  13 wraiths
  4 shadows (Crypt:3)
  A tarantella (shapeshifter) (Vaults:1)
  A yak (shapeshifter) (Vaults:2)
  2 water elementals
  A human (shapeshifter) (D:13)
  3 wyverns
  A dire elephant simulacrum (Crypt:2)
  A vampire (D:11)
  49 yaks
  Eustachio (D:6)
  4 basilisks
  2 hogs (D:15)
  A hog (shapeshifter) (Vaults:2)
  8 vampire mosquitoes
  4 wargs
  50 nagas
  A soldier ant (shapeshifter) (Vaults:2)
  An infernal demonspawn zombie (Crypt:1)
  2 soldier ants (D:15)
  4 hell hounds
  An infernal demonspawn skeleton (Crypt:2)
  25 water moccasins
  An acid dragon (Vaults:1)
  A manticore zombie (Crypt:2)
  A merfolk skeleton (Crypt:2)
  A cane toad skeleton (Crypt:1)
  A black bear (D:10)
  2 sky beasts
  An ice beast (shapeshifter) (Vaults:4)
  31 orc warriors
  A black bear (shapeshifter) (Vaults:4)
  An eye of draining (shapeshifter) (Vaults:4)
  5 necrophages
  A snapping turtle zombie (Crypt:1)
  3 ice beasts
  2 black mamba simulacra
  20 ogres
  3 boggarts (Vaults:3)
  7 wolves
  A swamp dragon skeleton (Crypt:2)
  An eye of draining (Lair:6)
  16 centaurs
  4 phantoms
  12 bullfrogs
  2 kobold brigands (D:13)
  An earth elemental (Abyss:2)
  A salamander zombie (Crypt:1)
  A palentonga skeleton (Crypt:2)
  A gnoll sergeant (D:6)
  3 small abominations
  A warg zombie (Crypt:2)
  A raiju zombie (Crypt:2)
  5 scorpions
  A warg skeleton (Crypt:2)
  7 killer bees
  13 wights
  5 howler monkeys
  10 electric eels
  5 lava snakes (Lair:6)
  3 bullfrog zombies
  2 starcursed masses (Abyss:2)
  38 orc priests
  A centaur skeleton (D:10)
  4 hounds
  A jelly (D:14)
  2 bullfrog skeletons
  A human skeleton (Crypt:2)
  27 orc wizards
  11 worker ants
  A dwarf zombie (Crypt:2)
  A hound skeleton (D:7)
  Robin (D:2)
  5 gnolls
  A howler monkey skeleton (D:4)
  30 adders
  2 shadow imps
  2 white imps
  2 ufetubi
  An ooze (D:6)
  2 adder zombies (D:5)
  2 worms
  2 dart slugs
  A leopard gecko (D:9)
  116 orcs
  A ball python (Lair:4)
  7 giant cockroaches
  13 goblins
  16 hobgoblins
  9 jackals
  6 quokkas
  18 bats
  5 frilled lizards
  A jackal zombie (D:7)
  22 kobolds
  2 leopard gecko skeletons (D:5)
  A quokka skeleton (D:2)
  7 rats
  A butterfly (Lair:4)
  4 starspawn tentacles (Abyss:2)
1607 creatures vanquished.

Vanquished Creatures (collateral kills)
  Boris (Vaults:3)
  Jory (Vaults:2)
  Rupert (D:12)
  A titan (Vaults:5)
  Agnes (D:14)
  A tengu reaver (Vaults:5)
  Donald (Vaults:2)
  A frost giant (Vaults:3)
  An ironheart preserver (Vaults:2)
  2 ghouls (Crypt:2)
  A deep elf annihilator (Vaults:5)
  An ettin (Vaults:5)
  A yaktaur captain (Vaults:5)
  4 jiangshi
  A fire dragon (Vaults:2)
  A hydra (D:15)
  3 boulder beetles
  2 naga warriors (Snake:4)
  6 anacondas (Snake:4)
  2 dancing weapons
  2 centaur warriors
  2 shock serpents (Snake:4)
  An orc high priest (Orc:2)
  A naga sharpshooter (Snake:4)
  A hell knight (Vaults:3)
  A salamander mystic (Snake:3)
  A spectral anaconda (Crypt:3)
  5 skeletal warriors
  A glowing orange brain (Vaults:2)
  6 mana vipers (Snake:4)
  A lindwurm (Snake:4)
  2 ironbrand convokers (Vaults:2)
  A necromancer (Vaults:3)
  An orc sorcerer (Orc:2)
  3 ugly things (D:14)
  4 oklob plants (Lair:6)
  4 manticores
  A salamander (Snake:3)
  A cyclops (D:12)
  2 elephants (Lair:4)
  A merfolk siren (Shoals:2)
  2 vault sentinels
  A water nymph (Shoals:2)
  3 guardian serpents (Snake:4)
  A molten gargoyle (Lair:6)
  2 naga magi (Snake:4)
  3 black mambas (Snake:4)
  An eye of devastation (Lair:6)
  3 centaur skeletons
  2 yaktaurs
  A rime drake (Lair:2)
  3 komodo dragons
  A hornet (D:9)
  A dream sheep (Lair:5)
  3 blink frogs
  Prince Ribbit (D:7)
  2 vampires
  A water elemental (D:12)
  A wyvern (Lair:6)
  2 wraiths (D:12)
  4 yaks
  A hog (D:15)
  3 basilisks
  Grum (D:8)
  2 nagas (Snake:4)
  A soldier ant (D:14)
  A water moccasin (D:14)
  A hell hound (Lair:6)
  An eye of draining (D:15)
  4 orc warriors
  An ice beast (D:14)
  2 ogres
  A wolf (D:8)
  A centaur (D:15)
  A bullfrog (D:14)
  An electric eel (Lair:5)
  4 orc priests
  A jelly (D:12)
  An iguana (D:14)
  2 orc wizards (Orc:2)
  A gnoll (D:3)
  An adder (D:9)
  An adder skeleton (D:9)
  A leopard gecko (D:2)
  4 orcs
  A giant cockroach (D:3)
  A goblin (D:14)
  A hobgoblin (D:14)
  A kobold (D:13)
  A rat (D:2)
156 creatures vanquished.

Vanquished Creatures (others)
  Margery (Vaults:3)
  Nikola (Vaults:2)
  Jorgrun (Shoals:2)
  A nagaraja (Snake:2)
  A fire giant (Vaults:5)
  A vault warden (Vaults:3)
  A manticore (Shoals:4)
  A naga mage (Snake:3)
  A black mamba (Snake:4)
  A naga (Snake:3)
  A boggart (Vaults:3)
  A lemure (D:8)
  An electric eel (Lair:2)
  A hound (D:7)
  An adder (Snake:4)
  34 fungi
  190 plants
  2 starspawn tentacles (Abyss:2)
241 creatures vanquished.

Grand Total: 2004 creatures vanquished

Notes
Turn   | Place    | Note
-------+----------+-------------------------------------------
     0 | D:1      | Chiseanne the Demonspawn Wanderer began the quest for the
                  | Orb.
     0 | D:1      | Chiseanne set off with the following items: a +2 hand
                  | crossbow, 26 bolts, a potion of lignification, 14 poisoned
                  | darts, a +0 dagger, a +0 robe
     0 | D:1      | Reached XP level 1. HP: 18/18 MP: 1/1
   182 | D:1      | Gained mutation: A weak demonic guardian rushes to your
                  | aid. [demonic ancestry]
   182 | D:1      | Reached XP level 2. HP: 24/24 MP: 2/2
   523 | D:2      | Reached skill level 1 in Dodging
   549 | D:2      | Gained mutation: You regenerate a little health from kills.
                  | [demonic ancestry]
   549 | D:2      | Reached XP level 3. HP: 9/29 MP: 3/3
  1092 | D:2      | Gained mutation: A demonic guardian rushes to your aid.
                  | [demonic ancestry]
  1092 | D:2      | Reached XP level 4. HP: 37/37 MP: 4/4
  1257 | D:2      | Found an iron altar of Okawaru.
  1615 | D:2      | Found a shimmering blue altar of Sif Muna.
  1852 | D:3      | Noticed Robin
  1871 | D:2      | Killed Robin
  1872 | D:2      | Gained mutation: You are partially covered in iridescent
                  | scales. (AC +2) [demonic ancestry]
  1872 | D:2      | Reached XP level 5. HP: 42/42 MP: 5/5
  2604 | D:3      | Gained mutation: You have a pair of small horns on your
                  | head. [demonic ancestry]
  2604 | D:3      | Reached XP level 6. HP: 48/48 MP: 6/6
  2660 | D:3      | Found a broken altar of Ashenzari.
  2671 | D:3      | Found a glowing golden altar of the Shining One.
  3488 | D:4      | Found a basalt altar of Yredelemnul.
  3816 | D:5      | Entered Level 5 of the Dungeon
  4110 | D:5      | Noticed a sky beast
  4535 | D:4      | Reached XP level 7. HP: 51/55 MP: 7/7
  4787 | D:5      | Found an ornate altar of the Wu Jian Council.
  4797 | D:5      | Reached skill level 5 in Fighting
  4886 | D:5      | Found a stormy altar of Qazlal.
  5409 | D:5      | Found a staircase to the Ecumenical Temple.
  5968 | Temple   | Entered the Ecumenical Temple
  5986 | Temple   | Became a worshipper of Makhleb the Destroyer
  6048 | D:6      | Gained mutation: You have a pair of horns on your head.
                  | [demonic ancestry]
  6048 | D:6      | Reached XP level 8. HP: 61/63 MP: 8/8
  6082 | D:6      | Noticed Eustachio
  6101 | D:6      | Killed Eustachio
  6137 | D:6      | Found a sacrificial altar of Ru.
  6261 | D:6      | Reached skill level 5 in Crossbows
  6325 | D:6      | Found Oceymuj's Book Shop.
  6373 | D:5      | Noticed a rust devil
  6373 | D:5      | Noticed a rust devil
  6848 | D:7      | Reached skill level 1 in Invocations
  7049 | D:7      | Reached skill level 2 in Invocations
  7117 | D:7      | Reached skill level 5 in Armour
  7117 | D:7      | Reached skill level 5 in Dodging
  7512 | D:7      | Found a blossoming altar of Fedhas.
  7515 | D:7      | Found a hide-covered altar of Uskayaw.
  7515 | D:7      | Found a bloodstained altar of Trog.
  7516 | D:7      | Found a snail-covered altar of Cheibriados.
  7517 | D:7      | Found a hazy altar of Hepliaklqana.
  7526 | D:7      | Reached skill level 3 in Invocations
  7546 | D:7      | Noticed Prince Ribbit
  7565 | D:7      | Killed Prince Ribbit
  7565 | D:7      | Reached * piety under Makhleb
  7566 | D:7      | Reached skill level 1 in Short Blades
  7566 | D:7      | Reached skill level 1 in Axes
  7566 | D:7      | Reached XP level 9. HP: 22/71 MP: 11/11
  7985 | D:7      | You fall into a shaft and drop 3 floors!
  7985 | D:10     | Entered Level 10 of the Dungeon
  8012 | D:10     | Found a staircase to the Lair.
  8119 | D:9      | Noticed a two-headed ogre
  8124 | D:8      | Noticed Grum
  8124 | D:8      | Noticed a troll
  8128 | D:8      | Found a white marble altar of Elyvilon.
  8570 | D:8      | Reached skill level 4 in Invocations
  8857 | D:7      | Killed a troll
  9135 | D:8      | Noticed Pikel
  9160 | D:8      | Killed Pikel
  9161 | D:8      | Reached skill level 5 in Invocations
  9281 | D:8      | Found Xero's Assorted Antiques.
  9288 | D:8      | Noticed Maurice
  9300 | D:8      | Killed Maurice
  9307 | D:8      | Bought a scroll labelled WOFUIP JASOOCK for 23 gold pieces
  9307 | D:8      | Bought a scroll labelled ODI JEWIV DAM for 23 gold pieces
  9307 | D:8      | Bought a scroll of identify for 46 gold pieces
  9307 | D:8      | Bought a potion of curing for 69 gold pieces
  9307 | D:8      | Bought a gilded ring for 115 gold pieces
  9307 | D:8      | Bought a viscous red potion for 20 gold pieces
  9307 | D:8      | Bought a potion of curing for 69 gold pieces
  9542 | D:8      | Killed Grum
  9617 | D:8      | Reached ** piety under Makhleb
  9824 | D:8      | Reached XP level 10. HP: 62/79 MP: 14/14
 10071 | D:9      | Paralysed by a hornet for 2 turns
 10079 | D:9      | Reached skill level 6 in Invocations
 10801 | D:9      | Killed a two-headed ogre
 11035 | D:9      | Found a sacrificial altar of Ru.
 11369 | D:10     | Reached skill level 7 in Invocations
 11369 | D:10     | Reached *** piety under Makhleb
 12031 | D:11     | Noticed a tengu warrior
 12342 | D:11     | Reached skill level 5 in Axes
 12356 | D:11     | Reached skill level 5 in Short Blades
 12396 | D:11     | Noticed a seven-headed hydra
 12715 | D:11     | Noticed an unseen horror
 12747 | D:11     | Killed an unseen horror
 12748 | D:11     | Reached skill level 8 in Invocations
 12748 | D:11     | Gained mutation: You are mostly covered in iridescent
                  | scales. (AC +4) [demonic ancestry]
 12748 | D:11     | Reached XP level 11. HP: 74/87 MP: 15/17
 12790 | D:11     | Killed a tengu warrior
 12938 | D:11     | Killed a seven-headed hydra
 13085 | D:12     | Reached skill level 1 in Shields
 13177 | D:12     | Noticed a brown very ugly thing
 13240 | D:12     | Killed a brown very ugly thing
 13241 | D:12     | Reached skill level 9 in Invocations
 13472 | D:12     | Noticed Rupert
 13500 | D:12     | Found a staircase to the Orcish Mines.
 13558 | D:12     | Found a flickering gateway to a bazaar.
 13577 | Bazaar   | Entered a bazaar
 13586 | Bazaar   | Found Recoyl's Antique Weapon Boutique.
 13590 | Bazaar   | Found Fymotun's Armour Shop.
 13592 | Bazaar   | Found Azakeh's Book Emporium.
 13601 | Bazaar   | Found Seisysh's Distillery.
 13611 | Bazaar   | Found Paquushex's General Store.
 13620 | Bazaar   | Bought a +2 kite shield of reflection for 203 gold pieces
 13620 | Bazaar   | Bought a potion of curing for 33 gold pieces
 13692 | D:12     | Noticed a two-headed ogre
 13706 | D:12     | Killed a two-headed ogre
 13706 | D:12     | Reached **** piety under Makhleb
 14138 | D:12     | Noticed Josephine
 14170 | D:12     | Killed Josephine
 14356 | D:12     | Killed Rupert
 14357 | D:12     | Reached skill level 10 in Invocations
 14357 | D:12     | Gained mutation: You have a pair of large horns on your
                  | head. [demonic ancestry]
 14357 | D:12     | Reached XP level 12. HP: 97/97 MP: 19/19
 15026 | D:13     | Noticed Snorg
 15137 | D:13     | Reached skill level 10 in Fighting
 15408 | D:13     | Killed Snorg
 16120 | D:13     | Noticed Erolcha
 16124 | D:13     | Noticed a two-headed ogre
 16136 | D:13     | Killed Erolcha
 16155 | D:13     | Killed a two-headed ogre
 16156 | D:13     | Reached skill level 5 in Shields
 16156 | D:13     | Reached skill level 11 in Invocations
 16263 | D:13     | Found a runed translucent gate.
 16264 | D:13     | Found a runed translucent gate.
 16265 | D:13     | Identified the +9 quarterstaff of Accord {elec, *Corrode
                  | rPois rF+++ Dex+3}
 16265 | D:13     | Identified the +0 plate armour of Har Cumoiw {rElec rPois
                  | Str-2 SInv}
 16265 | D:13     | Noticed Jeumo's ghost (journeyman MiBe)
 16265 | D:13     | Found a runed translucent gate.
 16271 | D:13     | Found a roughly hewn altar of Beogh.
 16781 | D:14     | Noticed Frances
 16799 | D:14     | Killed Frances
 16902 | D:14     | Identified Roxanne's Collected Works on Clay
 16902 | D:14     | Noticed Roxanne
 16926 | D:14     | Noticed a centaur warrior
 16929 | D:14     | Found a gate to the Vaults.
 16985 | D:13     | Killed a centaur warrior
 17067 | D:14     | Noticed Agnes
 17126 | D:14     | Found a flagged portal.
 17131 | Bailey   | Entered a bailey
 17278 | Bailey   | Found a burning altar of Makhleb.
 17323 | D:14     | Gained mutation: You regenerate health from kills. [demonic
                  | ancestry]
 17323 | D:14     | Reached XP level 13. HP: 103/105 MP: 21/21
 18079 | D:14     | Reached skill level 12 in Invocations
 18082 | D:14     | Killed Agnes
 18624 | D:15     | Entered Level 15 of the Dungeon
 18708 | D:15     | Reached skill level 10 in Dodging
 18843 | D:15     | Found a runed translucent gate.
 18843 | D:15     | Found a runed translucent gate.
 18864 | D:15     | Found a runed translucent gate.
 18877 | D:15     | Noticed supsnack's ghost (adept DsGl)
 19036 | D:15     | Found Xume's Armour Boutique.
 19036 | D:15     | Found Plog's Distillery.
 19037 | D:15     | Found Zeishrick's Weapon Boutique.
 19037 | D:15     | Found Cauceme's Antique Weapon Boutique.
 19073 | D:15     | Bought a bloodstained war axe for 263 gold pieces
 19073 | D:15     | Identified the +7 war axe "Keinoda" {speed, Int+3} (You
                  | bought it in a shop on level 15 of the Dungeon)
 19574 | D:15     | Noticed Kirke
 19626 | D:15     | Killed Kirke
 19849 | D:15     | Found a staircase to the Depths.
 19857 | D:15     | Reached skill level 13 in Invocations
 20393 | D:15     | Reached XP level 14. HP: 68/114 MP: 23/23
 20816 | Orc:1    | Entered Level 1 of the Orcish Mines
 21100 | Orc:1    | Found Ismyc's Antique Armour Shop.
 21130 | Orc:1    | Reached ***** piety under Makhleb
 21229 | Orc:1    | Found a roughly hewn altar of Beogh.
 21349 | Orc:2    | Entered Level 2 of the Orcish Mines
 21373 | Orc:2    | Found a frozen archway.
 21374 | Orc:2    | Found a staircase to the Elven Halls.
 21545 | Orc:2    | Found a runed translucent door.
 21548 | Orc:2    | Found the +10 tower shield of Ignorance {rN+ Int-4}
 21597 | Orc:2    | Found a runed translucent door.
 21718 | Orc:2    | Noticed a balrug
 21755 | Orc:2    | Found Cos Deso's Assorted Antiques.
 21755 | Orc:2    | Found Penudyxt's Antique Armour Emporium.
 21768 | Orc:2    | Found Jeobb's Assorted Antiques.
 21774 | Orc:2    | Found Regiw's Book Shoppe.
 21808 | Orc:2    | Bought a scroll labelled DIFOINNAEN for 23 gold pieces
 21819 | Orc:2    | Bought a fine ring mail for 243 gold pieces
 21885 | Orc:2    | Identified the +3 ring mail "Mibilaome" {rElec rC- Regen+
                  | Int+7} (You bought it in a shop on level 2 of the Orcish
                  | Mines)
 21906 | Orc:2    | Bought a jewelled plate armour for 756 gold pieces
 21918 | Orc:2    | Identified the +1 plate armour of Chill Winds {Dex+3} (You
                  | bought it in a shop on level 2 of the Orcish Mines)
 21931 | Orc:2    | Bought a brightly glowing war axe for 221 gold pieces
 21931 | Orc:2    | Identified the +10 war axe "Muadwius" {vorpal, Int+4} (You
                  | bought it in a shop on level 2 of the Orcish Mines)
 21932 | Orc:2    | Bought a scroll of blinking for 195 gold pieces
 22202 | Orc:1    | Found a roughly hewn altar of Beogh.
 22615 | Lair:1   | Entered Level 1 of the Lair of Beasts
 23213 | Lair:1   | Noticed Joseph
 23225 | Lair:1   | Killed Joseph
 23733 | Lair:2   | Reached skill level 14 in Invocations
 24761 | Lair:3   | Found a transporter.
 24763 | Lair:3   | Found a transporter.
 24777 | Lair:3   | Noticed Borooracs's ghost (journeyman DDFi)
 24783 | Lair:3   | Noticed Pibot's ghost (journeyman MfIE)
 24865 | Lair:3   | Found a dark tunnel.
 25144 | Lair:4   | Found a staircase to the Shoals.
 25345 | Lair:4   | Reached XP level 15. HP: 111/122 MP: 25/25
 25527 | Lair:4   | Found a staircase to the Snake Pit.
 25539 | Lair:4   | Reached ****** piety under Makhleb
 25898 | Lair:5   | Reached skill level 10 in Axes
 26060 | Lair:5   | Noticed Urug
 26075 | Lair:5   | Killed Urug
 26103 | Lair:6   | Entered Level 6 of the Lair of Beasts
 26238 | Lair:6   | Found a staircase to the Slime Pits.
 26409 | Lair:6   | Found a large runed translucent door.
 26409 | Lair:6   | Found a large runed translucent door.
 26420 | Lair:6   | Reached skill level 15 in Invocations
 27186 | Lair:6   | Got a smoking amber ring
 27223 | Lair:6   | Identified the ring "Okop" {rElec rC+} (You found it on
                  | level 6 of the Lair of Beasts)
 27557 | Snake:1  | Entered Level 1 of the Snake Pit
 28061 | Snake:1  | Reached skill level 10 in Shields
 28099 | Snake:1  | Gained mutation: You are completely covered in iridescent
                  | scales. (AC +6) [demonic ancestry]
 28099 | Snake:1  | Reached XP level 16. HP: 131/131 MP: 27/27
 28148 | Snake:1  | You fall into a shaft and drop 1 floor!
 28148 | Snake:2  | Noticed Louise
 28153 | Snake:2  | Cast into level 2 of the Abyss (Louise)
 28390 | Abyss:2  | Noticed a tentacled starspawn
 28398 | Abyss:2  | Killed a tentacled starspawn
 28461 | Abyss:2  | Noticed a tentacled starspawn
 28471 | Abyss:2  | Killed a tentacled starspawn
 28474 | Snake:2  | Escaped the Abyss
 28494 | Snake:1  | Killed Louise
 28567 | Snake:2  | Noticed Aizul
 28597 | Snake:2  | Killed Aizul
 28665 | Snake:2  | Reached skill level 16 in Invocations
 29072 | Snake:2  | Found Mavit's Jewellery Boutique.
 29072 | Snake:2  | Found Enie's Book Shoppe.
 29073 | Snake:2  | Found Byusosuh's Jewellery Boutique.
 29494 | Snake:3  | Found Unanokk's Armour Shoppe.
 29513 | Snake:3  | Bought the +4 moon troll leather armour {Spirit, Regen++
                  | MP+5} for 817 gold pieces
 29513 | Snake:3  | Found the +4 moon troll leather armour {Spirit, Regen++
                  | MP+5}
 29860 | Snake:3  | Gained mutation: Your flesh is cold resistant. (rC+)
                  | [demonic ancestry]
 29860 | Snake:3  | Reached XP level 17. HP: 134/140 MP: 24/29
 29936 | Snake:4  | Entered Level 4 of the Snake Pit
 30058 | Snake:4  | Reached skill level 5 in Evocations
 30283 | Snake:4  | Found a basalt altar of Yredelemnul.
 30856 | Snake:4  | Noticed Saint Roka
 30859 | Snake:4  | Reached skill level 10 in Evocations
 30882 | Snake:4  | Killed Saint Roka
 31170 | Snake:4  | Gained mutation: You are immune to freezing clouds.
                  | [demonic ancestry]
 31170 | Snake:4  | Reached XP level 18. HP: 147/147 MP: 14/30
 31234 | Snake:4  | Got a serpentine rune of Zot
 31495 | Shoals:1 | Entered Level 1 of the Shoals
 31851 | D:15     | Upgraded the game from 0.27-a0-379-g34d631faf5 to
                  | 0.27-a0-385-g3208abaabc
 32007 | Orc:2    | Bought a scroll of teleportation for 78 gold pieces
 32007 | Orc:2    | Bought a scroll of enchant armour for 195 gold pieces
 32007 | Orc:2    | Bought 2 scrolls of identify for 104 gold pieces
 32107 | Vaults:1 | Entered Level 1 of the Vaults
 34347 | Vaults:2 | Found Ycsueff's General Store.
 34392 | Vaults:2 | Bought a scroll of teleportation for 54 gold pieces
 34449 | Vaults:2 | Found Saobol's Assorted Antiques.
 34497 | Vaults:2 | Bought a potion of curing for 123 gold pieces
 34579 | Vaults:2 | Reached skill level 15 in Evocations
 34643 | Vaults:2 | Noticed Donald
 34659 | Vaults:2 | Killed Donald
 34698 | Vaults:2 | Noticed Jory
 34720 | Vaults:2 | Killed Jory
 34863 | Vaults:2 | Paralysed by a sphinx for 5 turns
 34874 | Vaults:2 | Paralysed by a sphinx for 5 turns
 35045 | Vaults:2 | Noticed Nikola
 35066 | Vaults:2 | Killed Nikola
 35095 | Vaults:2 | You fall into a shaft and drop 2 floors!
 35130 | Vaults:4 | Reached skill level 17 in Invocations
 35172 | Vaults:4 | Reached XP level 19. HP: 153/153 MP: 30/31
 35538 | Vaults:4 | Found Wampim's Magic Scroll Shop.
 35550 | Vaults:4 | Bought a scroll of blinking for 127 gold pieces
 35595 | Vaults:4 | Found Uxeavvoj's Book Boutique.
 35696 | Vaults:4 | Found Gaxt's Armour Shop.
 35706 | Vaults:4 | Reached skill level 15 in Fighting
 35988 | Vaults:3 | Noticed Margery
 36136 | Vaults:3 | Killed Margery
 36136 | Vaults:3 | HP: 7/155 [/fireball (25)]
 36380 | Vaults:3 | Noticed a Brimstone Fiend
 36629 | Vaults:3 | Reached skill level 18 in Invocations
 37343 | Vaults:3 | Reached XP level 20. HP: 163/163 MP: 28/33
 37405 | Vaults:3 | You fall into a shaft and drop 1 floor!
 37572 | Vaults:3 | Noticed Boris
 37589 | Vaults:3 | Killed Boris
 37611 | Vaults:3 | Found a staircase to the Crypt.
 37611 | Vaults:3 | Found a basalt altar of Yredelemnul.
 37619 | Vaults:3 | Found an ancient bone altar of Kikubaaqudgha.
 38795 | Vaults:4 | Found Valinuem's Jewellery Emporium.
 40365 | Shoals:4 | Entered Level 4 of the Shoals
 40580 | Shoals:4 | Got a barnacled rune of Zot
 40659 | Shoals:2 | Noticed Jorgrun
 40664 | Shoals:2 | Found Cytieh's Antique Armour Shop.
 40674 | Shoals:2 | Killed Jorgrun
 40699 | Shoals:2 | Noticed Ilsuiw
 40712 | Shoals:2 | Killed Ilsuiw
 40739 | Shoals:2 | Bought a bloodstained scale mail for 234 gold pieces
 40739 | Shoals:2 | Bought a spiked scale mail for 234 gold pieces
 40740 | Shoals:2 | Identified the +1 scale mail "Kesasuno" {-Tele MP+9 Dex+6}
                  | (You bought it in a shop on level 2 of the Shoals)
 40743 | Shoals:2 | Identified the +1 scale mail of Rotten Happiness {+Inv
                  | Str+5 Int+2 Stlth-} (You bought it in a shop on level 2 of
                  | the Shoals)
 41325 | Crypt:1  | Entered Level 1 of the Crypt
 41476 | Crypt:1  | Reached skill level 19 in Invocations
 41829 | Crypt:1  | Identified the Papyrus of Orientation
 42255 | Crypt:2  | Gained mutation: A frigid envelope surrounds you and
                  | freezes all who hurt you. [demonic ancestry]
 42255 | Crypt:2  | Reached XP level 21. HP: 149/172 MP: 25/34
 42555 | Crypt:2  | Reached skill level 15 in Dodging
 42599 | Crypt:3  | Entered Level 3 of the Crypt
 42887 | Crypt:3  | Found a basalt altar of Yredelemnul.
 42887 | Crypt:3  | Noticed Frederick
 42905 | Crypt:3  | Killed Frederick
 43105 | Crypt:3  | Paralysed by something for 3 turns
 43340 | Crypt:3  | Paralysed by a vampire knight for 5 turns
 43586 | Crypt:3  | Identified the Tome of Combat Magic and Moulding
 43733 | Crypt:3  | Reached skill level 20 in Invocations
 43746 | Crypt:3  | Noticed a profane servitor
 43782 | Crypt:3  | Killed a profane servitor
 43844 | Crypt:3  | Found a staircase to the Tomb.
 43847 | Crypt:3  | Paralysed by a vampire knight for 2 turns
 43871 | Crypt:3  | Identified the Handbook of Sinister Rites
 44559 | Vaults:5 | Entered Level 5 of the Vaults
 44574 | Vaults:5 | Noticed an ancient lich
 44578 | Vaults:5 | Gained mutation: You regenerate a lot of health from kills.
                  | [demonic ancestry]
 44578 | Vaults:5 | Reached XP level 22. HP: 138/181 MP: 36/36
 44792 | Vaults:5 | Reached skill level 15 in Axes
 44817 | Vaults:5 | Got a coiled golden ring
 44819 | Vaults:5 | Got a silver rune of Zot
 44825 | Vaults:5 | Got a shimmering platinum ring
 44847 | Vaults:5 | Identified the ring of the Skies Above {rC+ Int+4 Dex+3
                  | Stlth-} (You found it on level 5 of the Vaults)
 44848 | Vaults:5 | Identified the ring of Xom's Amusement {rPois AC+4 Dex+4}
                  | (You found it on level 5 of the Vaults)
 44906 | Vaults:5 | Noticed an ancient lich
 44918 | Vaults:5 | Shot with a bolt by a yaktaur

Illustrated notes

Levels and vault maps discovered:
D:1:      minmay_arrival_five_plusses, layout_rooms, supply_closet_lemuel,
          hangedman_decor_growths
D:2:      layout_loops_corners, lemuel_blue_sif_altar, okawaru_gym_becter
D:3:      layout_rooms, nicolae_tso_swordbearing_angel,
          cheibrodos_ashenzari_chains, minmay_stone_trees_small, uniq_robin
D:4:      kennysheep_spiral_hall, layout_loops_ring, yredelemnul_altar_generic
D:5:      cheibrodos_iron_armory, layout_cave_pools, marbit_many_paths,
          nzn_wu_jian_council_hall, minmay_temple_entry_antechambers
D:6:      layout_loops_ring, serial_shops, nicolae_shop_trees,
          nicolae_ru_great_annihilating_truth, uniq_eustachio
D:7:      layout_loops_ring, grunt_temple_overflow_open, uniq_prince_ribbit1
D:8:      layout_cave_pools, basic_altar, serial_shops, nicolae_shop_crystal,
          uniq_maurice, uniq_grum, uniq_pikel
D:9:      layout_rooms, lemuel_crystal_altar
D:10:     layout_stronghold, dpeg_oklobed_lair
D:11:     layout_rooms, grunt_decor_arrowhead
D:12:     layout_basic, orc_0_dummy, serial_shops, bzr_entry_lakeside,
          kb_rosetta, uniq_rupert, uniq_josephine
D:13:     layout_basic, biasface_ghost_orc_armoury, uniq_erolcha, uniq_snorg
D:14:     layout_layer_cave, erik_vaults_1, enter_bailey_4, uniq_roxanne,
          uniq_frances, uniq_agnes
D:15:     grunt_enter_depths_snipers, layout_loops_corners,
          ebering_ghost_rock_garden, serial_bayou_lagoon_a,
          minmay_shop_grid_forest, uniq_kirke
Temple:   corrupted_temple
Lair:1:   layout_regular_city, guppyfry_lair_drakes, uniq_joseph
Lair:2:   nzn_winding_woodlands_stair_cross
          [nzn_winding_woodlands_5x15_river_crossing,
          nzn_winding_woodlands_center_diamonds,
          nzn_winding_woodlands_5x15_crooked, nzn_winding_woodlands_5x5_default,
          nzn_winding_woodlands_5x5_three, nzn_winding_woodlands_5x15_parted,
          nzn_winding_woodlands_center_triple_pond,
          nzn_winding_woodlands_5x15_cabin], layout_regular_city,
          serial_bayou_crossing
Lair:3:   layout_chaotic_city, nzn_ghost_randoct, enter_volcano_3,
          serial_bayou_shore_b
Lair:4:   layout_layer_cave, minmay_shoals_entry_lonely_mermaid,
          minmay_snake_entry_six_corridors, roderic_batcave,
          lemuel_fruit_fields, uniq_sonja
Lair:5:   layout_big_grid, lemuel_oklob_altar, serial_bayou_shore_a,
          grunt_megastairs_2, uniq_urug
Lair:6:   cheibrodos_lair_end_hotspot, layout_cave_pods,
          minmay_slime_entry_eyes, minmay_lair_oklob_chamber
Shoals:1: layout_shoals
Shoals:2: layout_shoals, serial_shops, nicolae_shop_crystal,
          nicolae_shoals_stone_sculpture_thing, uniq_ilsuiw, uniq_jorgrun
Shoals:3: layout_shoals, uniq_bai_suzhen
Shoals:4: shoals_end_grunt_garden, layout_shoals
Snake:1:  layout_grid_shapes, grunt_ministairs_7, nicolae_snake_shapes
Snake:2:  layout_layer_cave, minmay_shop_grove, lemuel_fruit_tree,
          grunt_megastairs_4, serial_bayou_shore_b, uniq_aizul, uniq_louise
Snake:3:  layout_onion_interference, serial_shops, shop, shop_fountains, shop,
          grunt_megastairs_5
Snake:4:  snake_pit_salamanders_mu, layout_cave_town, basic_altar,
          minmay_snake_pond, uniq_saint_roka
Orc:1:    layout_diamond_mine, serial_shops, nicolae_shop_statue_plus,
          basic_altar, bh_open_orc_temple
Orc:2:    st_orc_mages, layout_caves, portal_ice_cave_entry_pillars_2,
          chequers_guarded_unrand_ignorance
Vaults:1: nicolae_vaults_what_the_h, hangedman_vaults_unwind, v_misc_11,
          nicolae_vaults_asterisk, nicolae_vaults_triangles,
          hangedman_vaults_cutoff, v_misc_28, vaults_mumra_lcd,
          nicolae_vaults_asterisk, layout_vaults_omnigrid
Vaults:2: nicolae_vaults_three_branches, vaults_room_mumra_shop_pool,
          vaults_dpeg_hooks, ontoclasm_vaults_spin, v_rooms_3, v_alt_pattern_2,
          grunt_vaults_bifocal, ontoclasm_vaults_ring_large, v_pattern_4,
          nicolae_vaults_rhombus_5, nicolae_vaults_windows_and_doors_thing,
          nicolae_vaults_diagonal_hallway_7, vaults_dpeg_cross,
          layout_vaults_ring, serial_shops, shop, uniq_nikola, uniq_donald,
          uniq_jory
Vaults:3: minmay_crypt_entry_necro_gods, ontoclasm_vaults_claustrophobia,
          hangedman_vaults_maws, nicolae_vaults_little_squares_1,
          grunt_vaults_twisty, ontoclasm_vaults_ring_square, v_pattern_5,
          hangedman_vaults_cutoff, v_misc_12, vaults_dpeg_doors,
          layout_vaults_omnicross, uniq_boris, uniq_margery
Vaults:4: vaults_dpeg_encased_lava, v_misc_32, vaults_dpeg_diagonal,
          nicolae_vaults_twisting_passages, vaults_room_door_ring,
          ontoclasm_vaults_tryst, hangedman_vaults_nodes,
          dpeg_vaults_pockets_of_resistance, nicolae_vaults_network_barrier,
          v_alt_pattern_6, nicolae_vaults_rhombus_6, nicolae_vaults_asterisk,
          layout_vaults_omnibox, serial_shops, nicolae_shop_behind_doors, shop,
          nicolae_shop_statue_plus, shop
Vaults:5
Crypt:1:  layout_rooms, minivault_11
Crypt:2:  layout_catacombs, nicolae_crypt_statuary_hall
Crypt:3:  grunt_crypt_end_deaths_head, uniq_frederick

Skill      XL: |  1  2  3  4  5  6  7  8  9 10 11 12 13 14 15 16 17 18 19 20 21 22 |
---------------+-------------------------------------------------------------------+-----
Crossbows      | 2 3 4 5 |  5.0
Dodging        | 1 2 3 4 5 6 7 8 9 10 11 12 13 14 15 16 | 16.0
Armour         | 2 3 4 5 |  5.0
Fighting       | 4 5 6 7 8 9 10 11 12 13 14 15 16 17 | 17.5
Invocations    | 3 5 8 10 11 13 14 15 16 17 18 19 20 | 20.0
Short Blades   | 1 3 5 |  5.0
Axes           | 1 3 5 6 7 8 9 10 11 12 13 14 15 | 15.0
Shields        | 3 5 7 8 10 11 12 13 14 | 14.6
Evocations     | 11 15 | 15.0
Throwing       | |  1.0
Stealth        | |  1.0
Unarmed Combat | |  1.0

Action                   |  1- 3 |  4- 6 |  7- 9 | 10-12 | 13-15 | 16-18 | 19-21 | 22-24 || total
-------------------------+-------+-------+-------+-------+-------+-------+-------+-------++-------
Melee: Dagger            |     9 |       |       |       |       |       |       |       ||     9
       Short sword       |       |   160 |   456 |   885 |   239 |       |       |       ||  1740
       Headbutt          |       |    16 |    68 |   182 |   326 |   424 |   473 |    41 ||  1530
       Whip              |       |       |       |    13 |       |       |       |       ||    13
       Punch             |       |       |       |     1 |       |       |       |       ||     1
       Scimitar          |       |       |       |    15 |    42 |       |       |       ||    57
       War axe           |       |       |       |       |  1246 |  1503 |   970 |     5 ||  3724
       Unarmed           |       |       |       |       |     9 |       |       |       ||     9
       Broad axe         |       |       |       |       |       |       |   854 |   151 ||  1005
 Fire: Hand crossbow     |    64 |   139 |    71 |    21 |       |       |       |       ||   295
Throw: Dart              |       |     2 |    22 |    67 |     6 |     1 |       |       ||    98
       Throwing net      |       |       |     2 |       |       |       |       |       ||     2
       Boomerang         |       |       |       |       |       |     5 |       |       ||     5
Invok: Lesser Servant of |       |       |       |    19 |    13 |       |       |       ||    32
       Greater Servant o |       |       |       |       |     4 |     6 |     7 |       ||    17
 Abil: Evoke Invisibilit |       |       |       |       |       |       |     2 |       ||     2
Evoke: Wand              |       |       |    25 |    44 |    11 |    27 |    28 |       ||   135
       Condenser vane    |       |       |       |       |     2 |     2 |     4 |       ||     8
       Box of beasts     |       |       |       |       |     1 |     2 |     1 |       ||     4
  Use: Scroll            |       |     6 |    21 |     8 |     9 |     4 |    14 |     7 ||    69
       Potion            |       |     2 |     1 |     8 |     6 |     7 |     8 |       ||    32
 Stab: Paralysed         |       |       |     1 |       |       |       |     1 |       ||     2
       Held in net/web   |       |       |     1 |       |       |       |       |       ||     1
       Sleeping          |       |       |       |     2 |     2 |     4 |     2 |       ||    10
       Invisible         |       |       |       |     3 |       |       |     9 |       ||    12
       Distracted        |       |       |       |     2 |     5 |     3 |     4 |       ||    14
       Confused          |       |       |       |       |       |     1 |       |       ||     1
Armor: Robe              |     1 |       |       |       |       |       |       |       ||     1
       Ring mail         |    11 |    75 |   103 |       |       |       |       |       ||   189
       Skin              |       |    20 |       |       |       |       |       |       ||    20
       Leather armour    |       |       |    60 |   180 |       |       |       |       ||   240
       Troll leather arm |       |       |       |    67 |   301 |   245 |   306 |       ||   919
       Fire dragon scale |       |       |       |       |       |       |     7 |    50 ||    57
Dodge: Dodged            |    21 |   129 |   257 |   547 |   536 |   436 |   570 |    54 ||  2550
Block: Kite shield       |       |       |       |   341 |   514 |       |       |       ||   855
       Buckler           |       |       |       |    22 |       |       |       |       ||    22
       Reflection        |       |       |       |    15 |    72 |   274 |   143 |    14 ||   518
       Tower shield      |       |       |       |       |  1285 |  2166 |  2555 |   250 ||  6256
       Rpst.: Scimitar   |       |       |       |     2 |     7 |       |       |       ||     9

Table legend: (Time is in decaauts)
 A = Elapsed time spent in this place.
 B = Non-inter-level travel time spent in this place.
 C = Inter-level travel time spent in this place.
 D = Time resting spent in this place.
 E = Time spent auto-exploring this place.
 F = Levels seen in this place.
 G = Mean time per level.
                   A        B        C        D        E       F      G
               +--------+--------+--------+--------+--------+-----+--------+
         Total |  44753 |  41313 |   3440 |   6070 |  19165 |  43 | 1040.8 |
       Dungeon |  21443 |  19818 |   1625 |   4441 |   9685 |  15 | 1429.5 |
        Temple |     36 |     19 |     17 |      0 |      9 |   1 |   36.0 |
          Lair |   5414 |   4938 |    476 |    166 |   2915 |   6 |  902.3 |
        Shoals |   1036 |    960 |     76 |    254 |      0 |   4 |  259.0 |
     Snake Pit |   3443 |   3082 |    361 |    184 |    326 |   4 |  860.8 |
  Orcish Mines |   1819 |   1613 |    206 |    153 |    865 |   2 |  909.5 |
        Vaults |   7682 |   7072 |    610 |    650 |   4014 |   5 | 1536.4 |
         Crypt |   3282 |   3215 |     67 |    218 |   1308 |   3 | 1094.0 |
         Abyss |    332 |    332 |      0 |      3 |      0 |   1 |  332.0 |
        Bazaar |     81 |     81 |      0 |      0 |     43 |   1 |   81.0 |
        Bailey |    180 |    180 |      0 |      0 |      0 |   1 |  180.0 |
               +--------+--------+--------+--------+--------+-----+--------+

Top non-repeatable levels by time:
    D:15: 2524 daAuts
    D:12: 2115 daAuts
Vaults:1: 1943 daAuts
    D:14: 1937 daAuts
Vaults:2: 1837 daAuts
    D:13: 1800 daAuts
Vaults:3: 1775 daAuts
Vaults:4: 1749 daAuts
 Crypt:3: 1620 daAuts
     D:2: 1610 daAuts
     D:4: 1552 daAuts
 Snake:4: 1402 daAuts
  Lair:6: 1388 daAuts
     D:8: 1374 daAuts
     D:7: 1364 daAuts
